 Dungeon Crawl Stone Soup version 0.31-a0-996-g3b49de5 (webtiles) character file.

Game seed: 2402351420874036628

408 Dorkslayer the Trooper (level 6, -1/66 HPs)
             Began as an Ogre Fighter on Nov 6, 2023.
             Slain by an orc priest
             ... wielding a +0 hand axe
              (3 damage)
             ... on level 4 of the Dungeon.
             The game lasted 00:05:43 (3001 turns).

Dorkslayer the Trooper (Ogre Fighter)               Turns: 3001, Time: 00:05:44

Health: -1/66      AC:  3    Str: 20    XL:     6   Next: 88%
Magic:  6/6        EV:  9    Int: 13    God:
Gold:   266        SH:  8    Dex:  9    Spells: 5/5 levels left

rFire   + . .        a - +0 war axe
rCold   . . .        c - +0 kite shield
rNeg    . . .        b - +0 robe
rPois   .            (helmet restricted)
rElec   .            (no cloak)
rCorr   .            (gloves unavailable)
SInv    .            (boots unavailable)
Will    .....        (no amulet)
Stlth   +            k - ring of protection from fire
HPRegen 0.31/turn    (no ring)
MPRegen 0.10/turn

%: no passive effects
@: mighty, hasted, very quick
A: large, unfitting armour, tough skin 1, clever 1
a: no special abilities


You were on level 4 of the Dungeon.
You visited 1 branch of the dungeon, and saw 4 of its levels.

You collected 266 gold pieces.

Inventory:

Hand Weapons
 a - a +0 war axe (weapon)
Armour
 b - a +0 robe (worn)
 c - a +0 kite shield (worn)
Jewellery
 k - a ring of protection from fire (left hand)
Scrolls
 e - a scroll of brand weapon {unknown}
 f - 2 scrolls of amnesia {unknown}
 g - a scroll of enchant armour {unknown}
 i - 3 scrolls of teleportation
 j - a scroll of immolation {unknown}
Potions
 m - a potion of haste
 n - a potion of berserk rage


   Skills:
 + Level 5.3 Fighting
 + Level 4.7 Axes
 * Level 4.1 Dodging
 + Level 0.7 Stealth
 + Level 4.0 Shields


You had 5 spell levels left.
You didn't know any spells.
Your spell library contained the following spells:

 Spells                   Type           Power      Damage    Failure   Level
 Apportation              Tloc           0%         N/A       58%         1
 Jinxbite                 Hex            0%         N/A       73%         2
 Lesser Beckoning         Tloc           0%         N/A       73%         2
 Frozen Ramparts          Ice            0%         1d1       91%         3
 Gell's Gravitas          Tloc           0%         N/A       91%         3
 Teleport Other           Tloc           0%         N/A       91%         3
 Petrify                  Tmut/Erth      0%         N/A       100%        4
 Alistair's Intoxication  Tmut/Pois      0%         N/A       100%        5
 Metabolic Englaciation   Hex/Ice        0%         N/A       100%        5


Dungeon Overview and Level Annotations

Branches:
Dungeon (4/15)
 Temple: D:4-7

Altars:
Uskayaw

Shops:
D:1 =


Innate Abilities, Weirdness & Mutations

You are too large for most types of armour.
You have tough skin. (AC +1)
Your mind is acute. (Int +4, Str/Dex -1)


Message History

You miss something. You closely miss the orc priest.
The orc priest looks braver for a moment.
Something hits you.
You barely miss the orc priest. You hit something but do no damage.
The orc priest hits you with a +0 hand axe.
Something completely misses you.
The orc priest hits you with a +0 hand axe.
* * * LOW HITPOINT WARNING * * *
You hit the orc priest.
The orc priest is moderately wounded.
You hit something.
You hear some strange, mumbled words.
A magic dart appears from out of thin air!
The magic dart hits you!
* * * LOW HITPOINT WARNING * * *
It was a potion of mutation.
You feel extremely strange.
You feel strong-willed.
You feel clever.
You no longer feel strong-willed.
You block the orc priest's attack. Something hits you.
* * * LOW HITPOINT WARNING * * *
You hit the orc priest.
The orc priest is heavily wounded.
You closely miss something.
The orc priest begins to cast a cantrip, but forgets the words!
You block something's attack.
You closely miss the orc priest.
The orc priest is heavily wounded.
You miss something. You block the orc priest's attack. Something hits you.
* * * LOW HITPOINT WARNING * * *
You closely miss the orc priest.
The orc priest is heavily wounded.
You hit something. The orc priest closely misses you.
You block something's attack.
You barely miss the orc priest.
The orc priest is heavily wounded.
You closely miss something. The orc priest closely misses you.
Something hits you.
* * * LOW HITPOINT WARNING * * *
You feel very mighty all of a sudden.
The orc priest hits you with a +0 hand axe.
You die...

♣+♣♣♣+♣ # ♣@o...♣ #
♣{≈≈≈.♣.# # ###♣.....♣.##
# #.)'.._..+... #
#.#♣.....♣.##.####### #
.. ♣.≈≈≈.♣.##.#...... #
## ♣...†.♣.##......#. #
#######♣'♣♣♣'♣.####.##.#.
# ....^....#
#...###.....#.


You could see an orc priest.

Vanquished Creatures
  Sigmund (D:2)
  A hound (D:4)
  A jelly (D:4)
  An orc wizard (D:4)
  7 adders
  A shadow imp (D:3)
  A worm (D:2)
  2 dart slugs
  4 orcs
  5 bats
  12 endoplasms
  4 giant cockroaches
  6 goblins
  6 hobgoblins
  3 jackals (D:1)
  7 quokkas
  6 ball pythons
  2 frilled lizards
  7 kobolds
  5 rats
82 creatures vanquished.

Notes
Turn   | Place    | Note
-------+----------+-------------------------------------------
     0 | D:1      | Dorkslayer the Ogre Fighter began the quest for the Orb.
     0 | D:1      | Reached XP level 1. HP: 24/24 MP: 1/1
    90 | D:1      | Reached XP level 2. HP: 30/32 MP: 2/2
   273 | D:1      | Found a faded altar of an unknown god.
   295 | D:1      | Reached XP level 3. HP: 30/40 MP: 3/3
   396 | D:1      | You fall into a shaft and drop 1 floor!
   615 | D:1      | Found Uwawk's One-of-a-Kind Rings.
   708 | D:2      | Reached XP level 4. HP: 34/49 MP: 4/4
  1112 | D:2      | Noticed Sigmund
  1128 | D:2      | HP: 2/49 [something (9)]
  1131 | D:2      | Killed Sigmund
  1132 | D:2      | Reached skill level 5 in Fighting
  1132 | D:2      | Reached XP level 5. HP: 5/57 MP: 5/5
  1132 | D:2      | Reached XP level 6. HP: 6/66 MP: 6/6
  2943 | D:4      | Found a hide-covered altar of Uskayaw.
  2996 | D:4      | Gained mutation: You are strong-willed. (Will+) [potion of
                  | mutation]
  2996 | D:4      | Gained mutation: Your mind is acute. (Int +4, Str/Dex -1)
                  | [potion of mutation]
  2996 | D:4      | Lost mutation: You are strong-willed. (Will+) [potion of
                  | mutation]
  3000 | D:4      | HP: 2/66 [something (3)]
  3001 | D:4      | Slain by an orc priest

Illustrated notes

Levels and vault maps discovered:
D:1:      eino_arrival_water_cross, layout_rooms, ebering_ecumenical_altar_box,
          nicolae_shop_unique_rings, reono_crystal_passage
D:2:      layout_loops_ring, kennysheep_generic_room_3, uniq_sigmund
D:3:      layout_basic, minmay_joined_circles
D:4:      layout_basic, mainiacjoe_overflow_six_doors_small, lemuel_doored_altar

Skill      XL: |  1  2  3  4  5  6 |
---------------+-------------------+-----
Dodging        | 3 4 |  4.1
Axes           | 3 4 |  4.7
Fighting       | 5 |  5.3
Shields        | 4 |  4.0
Stealth        | |  0.7

Action                     |  1- 3 |  4- 6 || total
---------------------------+-------+-------++-------
  Melee: War axe           |   104 |   138 ||   242
    Use: Potion            |       |     6 ||     6
         Scroll            |       |     5 ||     5
   Stab: Sleeping          |       |     3 ||     3
 Armour: Robe              |    69 |    94 ||   163
         Skin              |       |     1 ||     1
  Dodge: Dodged            |    58 |    43 ||   101
  Block: Kite shield       |    57 |    47 ||   104

Table legend: (Time is in decaauts)
 A = Elapsed time spent in this place.
 B = Non-inter-level travel time spent in this place.
 C = Inter-level travel time spent in this place.
 D = Time resting spent in this place.
 E = Time spent auto-exploring this place.
 F = Levels seen in this place.
 G = Mean time per level.
                   A        B        C        D        E       F      G
               +--------+--------+--------+--------+--------+-----+--------+
         Total |   3099 |   3099 |      0 |    204 |   1677 |   4 |  774.8 |
       Dungeon |   3099 |   3099 |      0 |    204 |   1677 |   4 |  774.8 |
               +--------+--------+--------+--------+--------+-----+--------+

Top non-repeatable levels by time:
     D:2: 1252 daAuts
     D:3: 729 daAuts
     D:1: 576 daAuts
     D:4: 541 daAuts
